 Dungeon Crawl Stone Soup version 0.28.0-53-g5a82cb258f (webtiles) character file.

Game seed: 17048564839202679367

190596 acdeimund the Eclecticist (level 17, -1/100 HPs)
             Began as a Deep Elf Conjurer on May 27, 2022.
             Was the Champion of Vehumet.
             Succumbed to a fenstrider witch's toxic sludge
             ... while paralysed by a fenstrider witch
             ... on level 4 of the Swamp on July 14, 2022.
             The game lasted 03:51:05 (45787 turns).

acdeimund the Eclecticist (Deep Elf Conjurer)      Turns: 45787, Time: 03:51:05

Health: -1/100     AC: 15    Str:  6    XL:     17   Next: 98%
Magic:  32/43      EV:  2    Int: 36    God:    Vehumet [******]
Gold:   716        SH:  0    Dex: 17    Spells: 10/56 levels left

rFire   . . .      SeeInvis .   O - staff of conjuration
rCold   + . .      Faith    .   t - +1 buckler
rNeg    . . .      Spirit   .   y - +2 acid dragon scales
rPois   .          Reflect  .   T - +0 helmet
rElec   .          Harm     .   c - scarf {shadows}
rCorr   +          Rampage  .   w - +2 pair of gloves {Stlth+}
Will    +....                   e - +2 pair of boots {Fly}
Stlth   ++++++....              i - amulet of magic regeneration
HPRegen 0.26/turn               J - ring of Birdsong {rC+ rCorr Dex+4}
MPRegen 0.68/turn               E - +6 ring of intelligence

@: paralysed, lethally poisoned (-1 -> -29), flying
A: no striking features
a: Renounce Religion


You were on level 4 of the Swamp.
You worshipped Vehumet.
Vehumet was exalted by your worship.
You visited 6 branches of the dungeon, and saw 31 of its levels.
You visited 1 bazaar.
You also visited: Sewer.

You collected 3894 gold pieces.
You spent 3178 gold pieces at shops.

Inventory:

Hand Weapons
 b - a +1 vampiric short sword
 x - the +9 long sword of Unreason {flame, rF+ Stlth+}
   (You bought it in a shop on level 2 of the Orcish Mines)

   It burns those it strikes, dealing additional fire damage.
   Big, fiery blades are also staple armaments of hydra-hunters.
   rF:        It protects you from fire.
   Stlth:     It makes you more stealthy.
Armour
 c - a scarf of shadows (worn)
 e - a +2 pair of boots of flying (worn)
 t - a +1 buckler (worn)
 w - a +2 pair of gloves of stealth (worn)
 y - +2 acid dragon scales (worn)
 R - +0 swamp dragon scales
 T - a +0 helmet (worn)
Magical Staves
 B - a staff of fire
 O - a staff of conjuration (weapon)
Jewellery
 f - a ring of positive energy
 i - an amulet of magic regeneration (around neck)
 j - a ring of magical power
 C - a ring of poison resistance
 E - a +6 ring of intelligence (right hand)
 G - an amulet of the acrobat
 J - the ring of Birdsong (left hand) {rC+ rCorr Dex+4}
   (You found it on level 8 of the Dungeon)

   [ring of protection from cold]

   Dex:       It affects your dexterity (+4).
   rC:        It protects you from cold.
   rCorr:     It protects you from acid and corrosion.
Wands
 z - a wand of acid (27)
 I - a wand of iceblast (40)
 M - a wand of digging (13)
 Q - a wand of paralysis (23)
 U - a wand of mindburst (36)
 V - a wand of charming (3)
 Z - a wand of flame (15)
Scrolls
 d - 2 scrolls of fear
 h - a scroll of amnesia
 m - 2 scrolls of summoning
 r - 9 scrolls of teleportation
 D - 8 scrolls of identify
 H - a scroll of blinking
 K - a scroll of brand weapon
 P - 2 scrolls of fog
 W - 3 scrolls of magic mapping
 Y - a scroll of holy word
Potions
 a - 4 potions of magic
 g - 8 potions of brilliance
 l - 5 potions of attraction
 n - 14 potions of curing
 o - 4 potions of flight
 p - 4 potions of heal wounds
 q - 6 potions of invisibility
 u - a potion of might
 v - 3 potions of resistance
 A - 10 potions of cancellation
 F - 2 potions of ambrosia
 L - 3 potions of mutation
 N - 4 potions of haste
Miscellaneous
 k - a phantom mirror
 s - a lightning rod (4/4)


   Skills:
 + Level 9.1 Fighting
 - Level 3.7 Long Blades
 + Level 13.3 Dodging
 + Level 13.5 Stealth
 * Level 20.4 Spellcasting
 - Level 14.0 Conjurations
 - Level 6.1 Translocations
 * Level 16.0 Fire Magic
 - Level 13.1 Earth Magic


You had 10 spell levels left.
You knew the following spells:

 Your Spells              Type           Power      Damage    Failure   Level
a - Magic Dart            Conj           100%       1d8       0%          1
b - Scorch                Fire           100%       2d10      0%          2
c - Stone Arrow           Conj/Erth      100%       3d13      1%          3
d - Iskenderun's Mystic   Conj/Tloc      100%       2d19      1%          4
e - Flame Wave            Conj/Fire      100%       2d17      1%          4
f - Sticky Flame          Conj/Fire      100%       2d11      1%          4
g - Fireball              Conj/Fire      60%        3d23      1%          5
h - Starburst             Conj/Fire      60%        6d16      1%          6
i - Iron Shot             Conj/Erth      58%        9d11      1%          6
j - Ignition              Fire           50%        3d14      5%          8
k - Dazzling Flash        Conj/Hex       100%       N/A       1%          3

Your spell library contained the following spells:

 Spells                   Type           Power      Damage    Failure   Level
 Spellforged Servitor     Conj/Summ      46%        N/A       26%         7
 Sandblast                Erth           100%       2d20      0%          1
 Searing Ray              Conj           100%       2d8       0%          2
 Conjure Flame            Conj/Fire      100%       6-21      0%          3
 Apportation              Tloc           100%       N/A       1%          1
 Shock                    Conj/Air       100%       1d9       1%          1
 Blink                    Tloc           100%       N/A       1%          2
 Passwall                 Tmut/Erth      59%        N/A       1%          2
 Gell's Gravitas          Tloc           69%        N/A       1%          3
 Ignite Poison            Fire/Tmut/Pois 66%        N/A       1%          3
 Lesser Beckoning         Tloc           69%        N/A       1%          3
 Teleport Other           Tloc           69%        N/A       1%          3
 Animate Armour           Summ/Erth      100%       N/A       1%          4
 Fulminant Prism          Conj/Hex       46%        3d21      1%          4
 Passage of Golubria      Tloc           69%        N/A       1%          4
 Petrify                  Tmut/Erth      71%        N/A       1%          4
 Irradiate                Conj/Tmut      46%        3d28      1%          5
 Iskenderun's Battlesphe  Conj           100%       2d15      1%          5
 Lightning Bolt           Conj/Air       46%        1d66      1%          5
 Orb of Destruction       Conj           58%        9d14      1%          7
 Corpse Rot               Necr/Air       72%        N/A       3%          2
 Ensorcelled Hibernation  Hex/Ice        72%        N/A       3%          2
 Sublimation of Blood     Necr           36%        N/A       3%          2
 Wereblood                Tmut           36%        N/A       3%          2
 Borgnjor's Vile Clutch   Necr/Erth      35%        N/A       4%          5
 Manifold Assault         Tloc           69%        N/A       4%          5
 Conjure Ball Lightning   Conj/Air       46%        3x3d16    5%          6
 Airstrike                Air            18%        N/A       6%          4
 Olgreb's Toxic Radiance  Pois           36%        N/A       6%          4
 Ozocubu's Armour         Ice            36%        N/A       7%          3
 Spider Form              Tmut/Pois      36%        N/A       7%          3
 Swiftness                Air            36%        N/A       7%          3
 Tukima's Dance           Hex            36%        N/A       7%          3
 Yara's Violent Unravell  Hex/Tmut       18%        3d9       16%         5
 Anguish                  Hex/Necr       18%        N/A       22%         4
 Cause Fear               Hex            18%        N/A       22%         4
 Dispel Undead            Necr           36%        3d15      22%         4
 Summon Lightning Spire   Summ/Air       36%        N/A       22%         4
 Statue Form              Tmut/Erth      47%        N/A       22%         6
 Dispersal                Tloc           34%        N/A       26%         6
 Alistair's Intoxication  Tmut/Pois      24%        N/A       52%         5
 Blade Hands              Tmut           18%        N/A       52%         5
 Metabolic Englaciation   Hex/Ice        18%        N/A       52%         5
 Eringya's Noxious Bog    Tmut/Pois      18%        N/A       61%         6
 Death Channel            Necr           18%        N/A       98%         6
 Summon Cactus Giant      Summ           18%        N/A       98%         6
 Ozocubu's Refrigeration  Ice            18%        4d8       98%         7
 Dragon Form              Tmut           18%        N/A       100%        7
 Summon Hydra             Summ           18%        N/A       100%        7
 Dragon's Call            Summ           18%        N/A       100%        9


Dungeon Overview and Level Annotations

Branches:
Dungeon (15/15)            Temple (0/1) D:6            Lair (6/6) D:8
  Swamp (4/4) Lair:3       Spider (2/4) Lair:3        Slime (0/5) Lair:6
    Orc (2/2) D:9             Elf (2/3) Orc:2        Vaults (0/5) D:14
 Depths (0/4) D:15          Sewer (visited)

Altars:
Cheibriados
Fedhas
Gozag
Hepliaklqana
Kikubaaqudgha
Nemelex Xobeh
Okawaru
Ru
Vehumet
Xom
Zin
Beogh

Shops:
D:4 *   D:10 =   Orc:2 ([([   Elf:1 *   Elf:2 ?:(

Annotations:
D:4 1 runed translucent door, mrw3rdna's ghost, amateur DrFE
Lair:4 exclusion: oklob plant
Swamp:4 Bai Suzhen
Spider:2 2 transporters, Arachne; crimpus's ghost, journeyman MiFi; quokkamancerX's ghost, adept DsBe


Message History

A bunyip comes into view.
The bunyip gives a hideous shriek!
You hear a shout!
A fenstrider witch comes into view.
The bunyip misses you. The bunyip closely misses you. The bunyip misses you.
Aiming: Iron Shot (mildly dangerous; 1% risk of failure)
Press: ? - help, Q - select action, (/) - cycle Shift-Dir - straight line, f - bunyip
Aim: a bunyip (79% to hit)
You feel a surge of power!
The iron shot misses the bunyip.
You hear a deafening roar!
Aiming: Iron Shot (mildly dangerous; 1% risk of failure)
Press: ? - help, Q - select action, (/) - cycle Shift-Dir - straight line, f/p - bunyip
Aim: a bunyip (79% to hit)
You feel a surge of power!
The iron shot hits the bunyip!!!
The bunyip is severely wounded.
The bunyip howls a warning cry!
Aiming: Iron Shot (mildly dangerous; 1% risk of failure)
Press: ? - help, Q - select action, (/) - cycle Shift-Dir - straight line, f/p - bunyip
Aim: a bunyip (severely wounded, catching its breath, 79% to hit)
You feel a surge of power!
The iron shot hits the bunyip!!!
You kill the bunyip!
Vehumet accepts your kill.
The fenstrider witch gestures at you while chanting.
You suddenly lose the ability to move!
The fenstrider witch gestures at you while chanting.
You resist with some effort.
The fenstrider witch points at you and mumbles some strange words.
Your body is wracked with pain!
The fenstrider witch casts a spell at you.
The toxic sludge hits you!!
You are poisoned.
* * * LOW HITPOINT WARNING * * *
The fenstrider witch points at you and mumbles some strange words.
The toxic sludge hits you but does no damage.
You are lethally poisoned!
* * * LOW HITPOINT WARNING * * *
You feel extremely sick.
The fenstrider witch hits you but does no damage.
The fenstrider witch kicks you!
* * * LOW HITPOINT WARNING * * *
You die...

♣≈≈≈≈≈≈.♣♣...≈♣ ♣♣
♣≈≈≈≈§≈§♣..≈≈♣♣ ≈♣
♣≈≈.≈≈≈..≈(♣♣♣ .♣♣♣♣♣
♣≈≈≈≈≈≈≈♣♣
≈≈≈≈≈♣♣♣§≈♣♣≈≈≈≈≈≈≈§♣♣
≈≈≈≈≈≈♣≈≈≈.♣♣.§≈.§≈.§♣
≈≈≈≈.♣♣≈≈≈..♣≈D§≈≈≈≈♣♣♣
≈≈≈≈.♣.≈≈≈≈.♣♣≈H♣♣≈..≈♣
≈≈≈≈.≈≈≈≈≈.♣♣♣.≈@≈....♣
.≈§≈..≈≈≈≈..♣≈≈≈§≈.≈.♣♣
♣.....≈≈≈≈..≈.≈≈≈≈§...♣♣
♣≈≈♣♣≈.?≈≈.≈≈≈♣.≈≈≈≈≈<≈♣
♣♣♣♣♣♣♣≈≈§.♣♣♣♣♣≈≈≈≈≈♣♣♣
♣♣..♣♣ ♣♣≈≈≈≈≈♣ ♣♣♣♣
♣♣♣≈≈.♣ ♣≈.♣♣ ♣♣♣♣


You could see a fire dragon and a fenstrider witch.

Vanquished Creatures
  Nikola (Swamp:1)
  A tentacled monstrosity (Swamp:2)
  Rupert (Lair:6)
  Kirke (Spider:1)
  An orc warlord (Orc:2)
  Aizul (Lair:3)
  3 ghost moths
  An ironbound preserver (D:14)
  5 eleionomae
  2 entropy weavers (Spider:1)
  Nessos (D:15)
  A spark wasp (Spider:1)
  A spark wasp (shapeshifter) (Elf:2)
  4 bunyips
  2 ettins
  A fire dragon (Lair:6)
  Josephine (Orc:1)
  4 boulder beetles
  13 hydras
  A catoblepas (D:15)
  A ghost crab (Swamp:3)
  A jorogumo (Spider:1)
  A radroach (Spider:1)
  2 centaur warriors (D:14)
  A death knight (D:14)
  9 alligators
  5 two-headed ogres
  29 dancing weapons
  2 tengu warriors
  A death yak (Lair:2)
  Sonja (D:13)
  14 deep elf knights
  2 orc high priests (Orc:2)
  Nergalle (D:12)
  3 goliath frogs (Swamp:1)
  2 deep trolls (D:15)
  2 bog bodies
  2 pharaoh ants (Spider:2)
  2 skeletal warriors (D:14)
  10 swamp dragons
  4 spriggan druids
  3 steelbarb worms
  4 deep elf archers
  2 orb spiders (Spider:1)
  4 orc knights
  A wizard (D:14)
  A necromancer (D:15)
  26 deep elf pyromancers
  23 deep elf zephyrmancers
  6 orc sorcerers
  7 wolf spiders
  A cyclops (D:12)
  4 manticores
  13 ugly things
  4 will-o-the-wisps
  3 moths of wrath
  11 elephants
  3 torpor snails
  5 black mambas
  4 gargoyles
  18 cane toads
  5 rime drakes
  Psyche (D:8)
  9 komodo dragons
  4 demonic crawlers (Spider:1)
  Maggie (D:10)
  A kobold demonologist (D:11)
  A yaktaur (D:15)
  A tengu conjurer (D:15)
  3 efreet
  A komodo dragon (shapeshifter) (D:14)
  A freezing wraith (D:15)
  An anaconda simulacrum (Swamp:1)
  10 trolls
  17 tarantellas
  6 hornets
  3 meliai (Spider:1)
  2 polar bears
  11 slime creatures (D:13)
  6 tyrant leeches
  18 blink frogs
  6 dream sheep (Lair:6)
  11 jumping spiders
  6 spriggans
  2 shadows
  A vampire (D:10)
  10 culicivoras
  50 yaks
  8 basilisks
  4 wraiths
  A human (D:15)
  5 wyverns
  A wyvern (shapeshifter) (D:15)
  4 steam dragons
  3 hogs (Spider:1)
  25 redbacks
  5 vampire mosquitoes
  2 minotaur simulacra (Swamp:1)
  4 wargs
  A harpy simulacrum (Swamp:1)
  Edmund (D:5)
  3 acid dragons
  12 swamp worms
  32 water moccasins
  38 orc warriors
  4 swamp drakes
  A hornet zombie (D:9)
  A sky beast (D:7)
  A black bear (shapeshifter) (Elf:2)
  2 alligator simulacra (Swamp:1)
  6 ogres
  2 black bears (D:8)
  11 wolves
  8 centaurs
  2 phantoms
  7 kobold brigands
  13 bullfrogs
  2 earth elementals (Elf:2)
  7 scorpions
  A water moccasin skeleton (D:4)
  4 killer bees
  2 lindwurm simulacra (Swamp:1)
  2 wights
  4 howler monkeys
  7 centaur zombies
  7 jellies
  A bullfrog zombie (D:7)
  2 hounds
  17 orc priests
  A gnoll shaman (D:7)
  A bullfrog skeleton (D:4)
  5 iguanas
  22 orc wizards
  4 howler monkey zombies
  8 adders
  7 gnolls
  A river rat (D:4)
  2 white imps (D:6)
  An ufetubus (D:6)
  An adder zombie (D:5)
  2 adder skeletons (D:4)
  3 worms
  3 dart slugs
  98 orcs
  5 bats
  10 endoplasms
  6 giant cockroaches
  8 goblins
  3 hobgoblins
  11 jackals
  25 kobolds
  3 quokkas
  6 ball pythons
  3 frilled lizards
  8 rats
982 creatures vanquished.

Vanquished Creatures (others)
  2 steam dragons (Swamp:4)
  2 swamp drakes (Swamp:4)
  An orc (Orc:2)
  10 foxfires (Swamp:2)
  76 fungi
  104 plants
195 creatures vanquished.

Grand Total: 1177 creatures vanquished

Notes
Turn   | Place    | Note
-------+----------+-------------------------------------------
     0 | D:1      | acdeimund the Deep Elf Conjurer began the quest for the
                  | Orb.
     0 | D:1      | Reached XP level 1. HP: 10/10 MP: 6/6
   318 | D:1      | Reached XP level 2. HP: 15/15 MP: 4/8
   421 | D:1      | You fall into a shaft and drop 1 floor!
   494 | D:1      | Learned a level 2 spell: Searing Ray
  1076 | D:2      | Reached XP level 3. HP: 19/20 MP: 6/10
  1119 | D:2      | Learned a level 3 spell: Dazzling Flash
  1228 | D:2      | Found a sacrificial altar of Ru.
  1548 | D:2      | Found a faded altar of an unknown god.
  2086 | D:3      | Reached skill level 4 in Spellcasting
  2186 | D:3      | Found a shimmering altar of Xom.
  2187 | D:3      | Found an opulent altar of Gozag.
  2279 | D:3      | Reached XP level 4. HP: 20/24 MP: 3/12
  2300 | D:3      | Reached skill level 5 in Conjurations
  2332 | D:3      | Learned a level 4 spell: Iskenderun's Mystic Blast
  2579 | D:3      | Reached skill level 1 in Translocations
  3013 | D:4      | Found a snail-covered altar of Cheibriados.
  3013 | D:4      | Found a sacrificial altar of Ru.
  3013 | D:4      | Found a sparkling altar of Nemelex Xobeh.
  3073 | D:4      | Found Qit Coem's Lightly-Used Armoury.
  3223 | D:4      | Found a glowing drain.
  3228 | Sewer    | Entered a sewer
  3325 | Sewer    | Noticed a water moccasin
  3329 | Sewer    | Killed a water moccasin
  3330 | Sewer    | Reached XP level 5. HP: 28/28 MP: 7/13
  3630 | D:4      | Found an ancient bone altar of Kikubaaqudgha.
  3631 | D:4      | Found a hazy altar of Hepliaklqana.
  3883 | D:4      | Reached XP level 6. HP: 33/33 MP: 10/14
  3928 | D:4      | Reached skill level 5 in Translocations
  4307 | D:4      | Reached skill level 1 in Fighting
  4307 | D:4      | Reached XP level 7. HP: 16/38 MP: 6/15
  4881 | D:4      | Noticed mrw3rdna's ghost (amateur DrFE)
  4884 | D:4      | Found a runed translucent door.
  5078 | D:5      | Entered Level 5 of the Dungeon
  5099 | D:5      | Reached skill level 5 in Spellcasting
  5263 | D:5      | Noticed a shadow
  5930 | D:5      | Noticed Edmund
  5966 | D:5      | Killed Edmund
  5967 | D:5      | Reached skill level 6 in Spellcasting
  5967 | D:5      | Reached XP level 8. HP: 22/44 MP: 1/19
  6894 | D:6      | Learned a level 6 spell: Starburst
  7276 | D:6      | Found a staircase to the Ecumenical Temple.
  7311 | D:6      | Found a radiant altar of Vehumet.
  7319 | D:6      | Became a worshipper of Vehumet
  7333 | D:6      | Learned a level 2 spell: Scorch
  7828 | D:7      | Identified the +8 falchion of the Little People {vamp, rF+
                  | Dex+3}
  7897 | D:7      | Reached skill level 7 in Spellcasting
  8399 | D:7      | Reached XP level 9. HP: 48/48 MP: 18/22
  8424 | D:7      | Learned a level 4 spell: Sticky Flame
  8851 | D:8      | Reached skill level 5 in Fire Magic
  8889 | D:8      | Found a staircase to the Lair.
  9059 | D:8      | Noticed a two-headed ogre
  9066 | D:8      | Killed a two-headed ogre
  9067 | D:8      | Reached skill level 9 in Spellcasting
  9148 | D:7      | Learned a level 4 spell: Flame Wave
  9250 | D:8      | Reached * piety under Vehumet
  9250 | D:8      | Offered knowledge of Foxfire by Vehumet.
  9294 | D:8      | Found a flagged portal.
  9303 | D:8      | Identified the ring of Birdsong {rC+ rCorr Dex+4}
  9304 | D:8      | Noticed Psyche
  9658 | D:8      | Killed Psyche
  9659 | D:8      | Reached skill level 5 in Stealth
  9945 | D:8      | Reached XP level 10. HP: 54/54 MP: 19/25
 10010 | D:8      | Reached skill level 10 in Spellcasting
 10345 | Lair:1   | Entered Level 1 of the Lair of Beasts
 10573 | D:9      | Reached skill level 5 in Dodging
 10589 | D:9      | Offered knowledge of Freeze by Vehumet.
 10609 | D:9      | Reached ** piety under Vehumet
 10810 | D:9      | Found a staircase to the Orcish Mines.
 11496 | D:9      | Found a glowing silver altar of Zin.
 12119 | D:9      | Noticed a two-headed ogre
 12127 | D:9      | Killed a two-headed ogre
 12128 | D:9      | Reached skill level 11 in Spellcasting
 12550 | D:9      | Offered knowledge of Stone Arrow by Vehumet.
 12606 | D:9      | Learned a level 3 spell: Stone Arrow
 12783 | D:10     | Entered Level 10 of the Dungeon
 12957 | D:10     | Noticed Maggie
 12964 | D:10     | Killed Maggie
 13176 | D:10     | Reached XP level 11. HP: 60/60 MP: 4/28
 13301 | D:10     | Reached skill level 10 in Conjurations
 13382 | D:10     | Noticed a two-headed ogre
 13390 | D:10     | Killed a two-headed ogre
 13874 | D:10     | Noticed a cyan ugly thing
 13881 | D:10     | Killed a cyan ugly thing
 14168 | D:10     | Found Yplearch's Jewellery Boutique.
 14171 | D:10     | Bought an amulet of the acrobat for 420 gold pieces
 14196 | D:10     | Noticed a two-headed ogre
 14237 | D:10     | Killed a two-headed ogre
 14468 | D:10     | Reached skill level 12 in Spellcasting
 14617 | D:10     | Reached *** piety under Vehumet
 14814 | Orc:1    | Entered Level 1 of the Orcish Mines
 14814 | Orc:1    | Noticed an orc knight
 14950 | Orc:1    | Offered knowledge of Hailstorm by Vehumet.
 15013 | Orc:1    | Killed an orc knight
 15591 | Lair:1   | Reached XP level 12. HP: 67/67 MP: 21/30
 15684 | Lair:1   | Reached skill level 13 in Spellcasting
 15879 | Lair:1   | Reached skill level 10 in Fire Magic
 15904 | Lair:1   | Reached **** piety under Vehumet
 15956 | Lair:1   | Reached skill level 5 in Fighting
 16096 | Lair:1   | Offered knowledge of Fireball by Vehumet.
 16107 | Lair:1   | Learned a level 5 spell: Fireball
 16694 | Lair:2   | Noticed a death yak
 16966 | Lair:2   | Killed a death yak
 17139 | Lair:2   | Reached skill level 14 in Spellcasting
 18412 | Lair:3   | Noticed a five-headed hydra
 18421 | Lair:3   | Killed a five-headed hydra
 18537 | Lair:3   | Reached ***** piety under Vehumet
 18611 | Lair:3   | Found a hole to the Spider Nest.
 18759 | Lair:3   | Found a staircase to the Swamp.
 19420 | Lair:4   | Reached XP level 13. HP: 74/74 MP: 23/33
 19467 | Lair:4   | Learned a level 6 spell: Iron Shot
 19486 | Lair:4   | Reached skill level 1 in Earth Magic
 19641 | Lair:4   | Offered knowledge of Conjure Ball Lightning by Vehumet.
 19778 | Lair:4   | Reached skill level 5 in Earth Magic
 20222 | Lair:4   | Found a blossoming altar of Fedhas.
 22048 | Lair:5   | Reached skill level 15 in Spellcasting
 22755 | Orc:1    | Noticed Josephine
 22763 | Orc:1    | Killed Josephine
 23713 | Orc:2    | Entered Level 2 of the Orcish Mines
 24161 | Orc:2    | Reached XP level 14. HP: 74/80 MP: 20/35
 24275 | Orc:2    | Found Hetiff's Antique Weapon Shoppe.
 24282 | Orc:2    | Bought a smoking long sword for 246 gold pieces
 24282 | Orc:2    | Identified the +9 long sword of Unreason {flame, rF+
                  | Stlth+} (You bought it in a shop on level 2 of the Orcish
                  | Mines)
 24282 | Orc:2    | Bought a warped dagger for 203 gold pieces
 24282 | Orc:2    | Identified the +7 dagger of Mosaost {vorpal, Dex+2} (You
                  | bought it in a shop on level 2 of the Orcish Mines)
 24392 | Orc:2    | Found a staircase to the Elven Halls.
 24717 | Orc:2    | Offered knowledge of Freezing Cloud by Vehumet.
 26031 | Orc:2    | Found Koith's Antique Armour Emporium.
 26035 | Orc:2    | Found Agour's Antique Weapon Shoppe.
 26195 | Orc:2    | Noticed an orc warlord
 26442 | Orc:2    | Killed an orc warlord
 26443 | Orc:2    | Reached skill level 16 in Spellcasting
 26883 | Orc:2    | Found Xotwef's Antique Armour Shoppe.
 26931 | Orc:2    | Reached skill level 10 in Earth Magic
 26992 | Orc:2    | Bought a twisted halberd for 297 gold pieces
 26992 | Orc:2    | Identified the +5 halberd of Kisoetif {spect, rC+ Dex+4}
                  | (You bought it in a shop on level 2 of the Orcish Mines)
 27186 | Lair:6   | Entered Level 6 of the Lair of Beasts
 27344 | Lair:6   | Reached skill level 10 in Dodging
 27920 | Lair:6   | Offered knowledge of Spellforged Servitor by Vehumet.
 27921 | Lair:6   | Reached skill level 10 in Stealth
 28106 | Lair:6   | Found a staircase to the Slime Pits.
 28561 | Lair:6   | Noticed Rupert
 28569 | Lair:6   | Paralysed by Rupert for 4 turns
 28575 | Lair:6   | Killed Rupert
 28576 | Lair:6   | Reached skill level 1 in Long Blades
 29876 | D:11     | Found an iron altar of Okawaru.
 30228 | D:12     | Noticed Nergalle
 30265 | D:12     | Killed Nergalle
 30974 | D:13     | Noticed Sonja
 30976 | D:13     | Killed Sonja
 31042 | D:13     | Found a gate leading to a gauntlet.
 31206 | D:13     | Reached XP level 15. HP: 85/85 MP: 17/37
 31335 | D:13     | Learned a level 8 spell: Ignition
 32439 | D:14     | Found a gate to the Vaults.
 32518 | D:14     | Reached skill level 17 in Spellcasting
 33315 | D:15     | Entered Level 15 of the Dungeon
 33333 | D:15     | Found a flickering gateway to a bazaar.
 33341 | Bazaar   | Entered a bazaar
 33348 | Bazaar   | Found Jarireg's Magic Scroll Shop.
 33348 | Bazaar   | Found Gemaz's Antique Armour Boutique.
 33374 | Bazaar   | Found Hible's Jewellery Shop.
 33405 | Bazaar   | Found Joxiz's Assorted Antiques.
 33455 | Bazaar   | Bought a scroll of acquirement for 416 gold pieces
 33455 | Bazaar   | Bought a scroll of acquirement for 416 gold pieces
 33455 | Bazaar   | Acquired a staff of fire
 33458 | Bazaar   | Acquired 546 gold pieces
 33462 | Bazaar   | Bought a scroll of teleportation for 24 gold pieces
 33468 | Bazaar   | Bought a pair of glowing gloves for 180 gold pieces
 33506 | Bazaar   | Bought 2 potions of magic for 496 gold pieces
 33506 | Bazaar   | Bought a scroll of blinking for 232 gold pieces
 33506 | Bazaar   | Bought a potion of invisibility for 248 gold pieces
 34008 | D:15     | Noticed Nessos
 34013 | D:15     | Killed Nessos
 34302 | D:15     | Found a staircase to the Depths.
 34974 | Swamp:1  | Entered Level 1 of the Swamp
 34977 | Swamp:1  | Noticed Aizul
 35072 | Lair:3   | Killed Aizul
 35441 | Swamp:1  | Identified the +1 chain mail of Impatience {Regen+}
 35531 | Swamp:1  | Identified the +0 pair of gloves "Soicixt" {Rampage rF+
                  | Will- Str+2}
 35531 | Swamp:1  | Noticed Nikola
 35541 | Swamp:1  | Killed Nikola
 35611 | Swamp:1  | Found a frozen archway.
 35726 | Swamp:1  | Offered knowledge of Lee's Rapid Deconstruction by Vehumet.
 36659 | Swamp:2  | Reached XP level 16. HP: 92/92 MP: 35/39
 36747 | Swamp:2  | Noticed a tentacled monstrosity
 36993 | Swamp:2  | Killed a tentacled monstrosity
 37881 | Swamp:3  | Reached skill level 18 in Spellcasting
 38087 | Swamp:4  | Entered Level 4 of the Swamp
 38363 | Swamp:4  | Noticed Bai Suzhen
 38475 | Swamp:4  | Offered knowledge of Eringya's Noxious Bog by Vehumet.
 38875 | Spider:1 | Entered Level 1 of the Spider Nest
 39505 | Spider:1 | Noticed Kirke
 39511 | Spider:1 | Killed Kirke
 39515 | Spider:1 | Reached ****** piety under Vehumet
 40665 | Spider:2 | Noticed Arachne
 40669 | Spider:2 | Noticed quokkamancerX's ghost (adept DsBe)
 40676 | Spider:2 | Reached XP level 17. HP: 90/97 MP: 1/41
 40862 | Spider:2 | Found a transporter.
 40909 | Spider:2 | Reached skill level 19 in Spellcasting
 40982 | Spider:2 | Found a transporter.
 41063 | Spider:2 | Noticed crimpus's ghost (journeyman MiFi)
 41235 | Spider:2 | Offered knowledge of Spellforged Servitor by Vehumet.
 41987 | Elf:1    | Entered Level 1 of the Elven Halls
 42092 | Elf:1    | Found Xujech's Assorted Antiques.
 42205 | Elf:1    | Reached skill level 15 in Fire Magic
 43242 | Elf:1    | Identified the +5 falchion "Plog" {vorpal, Fly}
 43755 | Elf:2    | Found Ikayduw's Magic Scroll Shoppe.
 43767 | Elf:2    | Found Juk Wymp's Book Shop.
 43804 | Elf:2    | Found Xemyfox's Book Boutique.
 43915 | Elf:2    | Found Gebrugug's Antique Weapon Boutique.
 44180 | Elf:2    | Found a runed translucent gate.
 44180 | Elf:2    | Found a runed translucent gate.
 44180 | Elf:2    | Found a runed translucent gate.
 44460 | Elf:2    | Reached skill level 20 in Spellcasting
 45781 | Swamp:4  | Paralysed by a fenstrider witch for 7 turns
 45786 | Swamp:4  | HP: 5/100 [fenstrider witch (15)]
 45787 | Swamp:4  | Succumbed to a fenstrider witch's toxic sludge

Illustrated notes

Levels and vault maps discovered:
D:1:      co_arrival_random_square_maze, layout_loops_ring,
          hangedman_decor_growths
D:2:      layout_loops_corners, hellmonk_ecumenical_altar_zigzags, basic_altar,
          minmay_domino_2
D:3:      layout_loops_ring, nicolae_overflow_squiral
D:4:      kennysheep_big_flooded_room, layout_rooms, grunt_temple_overflow_open,
          hellmonk_ghost_happy_afterlife, portal_sewer_entry_e,
          minmay_shop_damaged, minmay_distorted
D:5:      layout_basic, uniq_edmund
D:6:      layout_basic, nicolae_vehumet_radiance,
          minmay_temple_entry_from_below_a, minmay_misc_feat_tower,
          kennysheep_boxes
D:7:      layout_loops_cross, kennysheep_cross_bottleneck
D:8:      layout_cave_pools, due_lair_maze_entry_diamond, enter_bailey_2,
          uniq_psyche
D:9:      layout_small_grid, lemuel_crystal_altar, david_orc_1_choice,
          roderic_lattice_a, minmay_parallelograms, kennysheep_windowed_goal
D:10:     minmay_razor_zed, layout_loops_corners, serial_shops, kennysheep_mini,
          uniq_maggie
D:11:     layout_long_grid, okawaru_altar_gauntlet_db
D:12:     layout_small_grid, uniq_nergalle
D:13:     layout_roguey, gauntlet_entry_generic, kennysheep_big_empty_room,
          uniq_sonja
D:14:     layout_loops_cross, skrybe_vaults_entry_preservation
D:15:     hangedman_depths_entry_civil_slaughter, layout_cave_pods,
          serial_shops, bzr_entry_customers,
          hangedman_abyss_or_decor_lesser_grid, uniq_nessos
Lair:1:   layout_misc_corridors, nzn_random_ring
Lair:2:   layout_hall_layers, beast_lair_carwin_10
Lair:3:   layout_cave_pods, minmay_swamp_entry_reptiles,
          nicolae_spider_entry_non_spiders
Lair:4:   layout_roguey, tgw_fedhas, grunt_megastairs_1, lemuel_fruit_tree
Lair:5:   layout_small_grid, chequers_serial_rivers_small_a, grunt_megastairs_5
Lair:6:   guppyfry_lair_end_dragon, layout_long_grid,
          minmay_slime_entry_pillars, minivault_11, uniq_rupert
Swamp:1:  layout_basic_swamp, portal_ice_cave_entry_ice_simulacra,
          serial_swamp_ruin, evilmike_swamp_ruin_house_2,
          hangedman_swamp_ruin_hall, evilmike_swamp_ruin_wall, swamp_pool1,
          uniq_aizul, uniq_nikola
Swamp:2:  layout_basic_swamp, nicolae_swamp_tree_isthmus,
          infiniplex_staircase_pool
Swamp:3:  layout_falls_marsh, evilmike_swamp_ruin_house_5
Swamp:4:  swamp_fiery, layout_basic_swamp, swamp_pool1,
          nicolae_swamp_necromancy_gone_wrong, uniq_bai_suzhen, uniq_donald
Spider:1: layout_cave_pods, uniq_kirke
Spider:2: layout_spider_delve, nzn_ghost_randoct
Orc:1:    layout_caves, serial_shops, uniq_josephine
Orc:2:    grunt_orc_community_town_hall, layout_caves,
          grunt_orc_community_big_house_2, grunt_orc_community_big_house_2,
          grunt_orc_community_house_1, grunt_orc_community_house_2,
          grunt_orc_community_house_1, grunt_orc_community_house_2,
          grunt_orc_community_house_1, elves_outpost_lemuel
Elf:1:    nicolae_elf_arrival_fired_up, layout_geoelf_octagon, serial_shops,
          nicolae_diamond_shop, hangedman_elven_crosses_minicolossus
Elf:2:    nicolae_elf_blades_splatter_lattice [nicolae_blade_little_rooms],
          layout_loops_cross, serial_shops, shop_fountains, shop_fountains,
          shop, shop

Skill      XL: |  1  2  3  4  5  6  7  8  9 10 11 12 13 14 15 16 17 |
---------------+----------------------------------------------------+-----
Dodging        | 3 4 6 7 8 9 10 11 12 13 | 13.3
Spellcasting   | 4 6 7 9 11 12 14 15 16 17 18 20 | 20.4
Conjurations   | 5 6 7 8 9 11 13 14 | 14.0
Translocations | 4 6 |  6.1
Fighting       | 1 2 3 4 5 6 7 8 9 |  9.1
Stealth        | 3 4 5 6 7 9 10 11 12 13 | 13.5
Fire Magic     | 4 6 8 9 11 12 13 14 16 | 16.0
Earth Magic    | 9 10 11 13 | 13.1
Long Blades    | 1 3 |  3.7

Action                   |  1- 3 |  4- 6 |  7- 9 | 10-12 | 13-15 | 16-18 || total
-------------------------+-------+-------+-------+-------+-------+-------++-------
Melee: Whip              |       |       |     4 |       |       |       ||     4
       Falchion          |       |       |    17 |    32 |    11 |       ||    60
       Long sword        |       |       |       |       |    31 |       ||    31
       Staff             |       |       |       |       |       |     3 ||     3
 Cast: Magic Dart        |    72 |    67 |    59 |    48 |       |     1 ||   247
       Searing Ray       |       |    14 |    56 |     3 |       |       ||    73
       Iskenderun's Myst |       |       |    17 |    74 |    70 |    68 ||   229
       Scorch            |       |       |     7 |    30 |     6 |       ||    43
       Sticky Flame      |       |       |     4 |    34 |    33 |     3 ||    74
       Stone Arrow       |       |       |       |   168 |   311 |     2 ||   481
       Flame Wave        |       |       |       |     6 |     5 |       ||    11
       Fireball          |       |       |       |    10 |    46 |    21 ||    77
       Iron Shot         |       |       |       |       |   219 |   310 ||   529
       Starburst         |       |       |       |       |     3 |       ||     3
       Dazzling Flash    |       |       |       |       |     1 |       ||     1
Evoke: Wand              |       |       |       |     3 |     7 |       ||    10
  Use: Scroll            |       |    10 |     6 |    12 |    15 |     2 ||    45
       Potion            |       |       |     1 |     2 |     1 |     1 ||     5
 Stab: Sleeping          |       |       |       |     3 |     3 |     2 ||     8
Armor: Robe              |       |     1 |    14 |     3 |       |       ||    18
       Troll leather arm |       |       |       |     7 |    24 |       ||    31
       Steam dragon scal |       |       |       |       |    10 |       ||    10
       Acid dragon scale |       |       |       |       |     7 |    32 ||    39
Dodge: Dodged            |     3 |     8 |    62 |   128 |   121 |    24 ||   346
Block: Buckler           |       |     3 |    19 |    31 |    26 |    11 ||    90
